 Dungeon Crawl Stone Soup version 0.30-a0-862-g1aabd4f9c5 (webtiles) character file.

Game seed: 7395829430788824618

20402 jasper the Martial Artist (level 12, -9/98 HPs)
             Began as a Demonspawn Delver on Mar 8, 2023.
             Was a High Priest of Wu Jian.
             Mangled by a death yak (15 damage)
             ... on level 2 of the Lair of Beasts.
             The game lasted 00:29:24 (14453 turns).

jasper the Martial Artist (Demonspawn Delver)      Turns: 14453, Time: 00:29:24

Health: -9/98      AC: 11    Str: 15    XL:     12   Next: 45%
Magic:  0/12       EV: 20    Int: 14    God:    Wu Jian [*****.]
Gold:   679        SH:  5    Dex: 15    Spells: 8/11 levels left

rFire   + . .      SeeInvis .      - Unarmed
rCold   . . .      Faith    .    B - +0 buckler
rNeg    . . .      Spirit   +    C - +0 acid dragon scales
rPois   .          Reflect  .    N - +2 hood of the Assassin {Detect Stab+ Stlth++}
rElec   .          Rampage  .    O - +2 cloak {rCorr}
rCorr   +                        (gloves unavailable)
Will    .....                    (no boots)
Stlth   +++++                    K - amulet of guardian spirit
HPRegen 0.36/turn                e - +5 ring of evasion
MPRegen 0.26/turn                H - ring of protection from fire

@: no status effects
A: antennae 2, claws 3, hooves 2, magic regeneration, demonic magic 1
a: Renounce Religion, Wall Jump, Serpent's Lash, Heavenly Storm


You were on level 2 of the Lair of Beasts.
You worshipped Wu Jian.
Wu Jian was extremely pleased with you.
You visited 2 branches of the dungeon, and saw 13 of its levels.

You collected 679 gold pieces.

Inventory:

Missiles
 m - 91 stones
 o - 42 poisoned darts (quivered)
 u - 2 datura-tipped darts
 v - 2 boomerangs
 W - 4 curare-tipped darts
Armour
 a - a +0 leather armour
 p - a +2 animal skin
 B - a +0 buckler (worn)
 C - +0 acid dragon scales (worn)
 L - the +5 scale mail "Zuremuqo" {rF+ Int+8 Dex-5}
   (You took it off an orc priest on level 9 of the Dungeon)

   Int:       It affects your intelligence (+8).
   Dex:       It affects your dexterity (-5).
   rF:        It protects you from fire.
 N - the +2 hood of the Assassin (worn) {Detect Stab+ Stlth++}
   (You found it on level 9 of the Dungeon)

   Detect:    It allows the wearer to sense nearby creatures.
   Stab+:     It allows the wearer to make particularly effective stabbing
   attacks against helpless or unaware enemies with any weapon.
   Stlth:     It makes you much more stealthy.
 O - a +2 cloak of preservation (worn)
Jewellery
 e - a +5 ring of evasion (left claw)
 z - a ring of flight
 E - an amulet of faith
 H - a ring of protection from fire (right claw)
 K - an amulet of guardian spirit (around neck)
 M - a +6 ring of intelligence
Wands
 f - a wand of digging (3)
 s - a wand of quicksilver (6)
 x - a wand of mindburst (11)
 y - a wand of iceblast (4)
 D - a wand of charming (23)
 J - a wand of flame (14)
Scrolls
 b - 4 scrolls of fog
 c - 2 scrolls of magic mapping
 d - a scroll of fear
 h - 3 scrolls of teleportation
 n - a scroll of butterflies
 q - a scroll of enchant weapon
 A - 2 scrolls of blinking
 F - 2 scrolls of amnesia
 G - 2 scrolls of vulnerability
 I - a scroll of immolation
 X - 2 scrolls of poison
Potions
 g - 5 potions of curing
 i - 4 potions of cancellation
 j - a potion of ambrosia
 k - 2 potions of degeneration
 l - 3 potions of mutation
 r - a potion of lignification
 t - 2 potions of magic
 w - 3 potions of brilliance
 Q - a potion of flight
 R - a potion of berserk rage
 S - a potion of attraction
 T - 2 potions of heal wounds
 V - 3 potions of haste
 Y - a potion of might
Miscellaneous
 P - a phantom mirror


   Skills:
 + Level 10.3 Fighting
 - Level 1.1 Armour
 + Level 9.1 Dodging
 + Level 7.9 Stealth
 - Level 4.0 Shields
 * Level 12.7 Unarmed Combat


You had 8 spell levels left.
You knew the following spells:

 Your Spells              Type           Power      Damage    Failure   Level
a - Confusing Touch       Hex            0%         N/A       85%         3

Your spell library contained the following spells:

 Spells                   Type           Power      Damage    Failure   Level
 Kiss of Death            Conj/Necr      0%         2d5       47%         1
 Magic Dart               Conj           0%         1d3       47%         1
 Slow                     Hex            0%         N/A       47%         1
 Blink                    Tloc           0%         N/A       63%         2
 Searing Ray              Conj           0%         2d4       63%         2
 Static Discharge         Conj/Air       0%         2-2/arc   63%         2
 Gell's Gravitas          Tloc           0%         N/A       85%         3
 Kindle Blastsparks       Fire/Tloc/Air  0%         2d10      85%         3
 Summon Guardian Golem    Hex/Summ       0%         N/A       85%         3
 Teleport Other           Tloc           0%         N/A       85%         3
 Vampiric Draining        Necr           0%         2d6       85%         3
 Dispel Undead            Necr           0%         3d6       99%         4
 Fulminant Prism          Conj/Hex       0%         3d5       99%         4
 Iskenderun's Mystic Bla  Conj/Tloc      0%         2d3       99%         4
 Manifold Assault         Tloc           0%         N/A       99%         4
 Lee's Rapid Deconstruct  Erth           0%         3d4*      100%        5
 Dispersal                Tloc           0%         N/A       100%        6
 Storm Form               Tmut/Air       0%         N/A       100%        7
 Discord                  Hex            0%         N/A       100%        8


Dungeon Overview and Level Annotations

Branches:
Dungeon (11/15)            Temple (0/1) D:4            Lair (2/5) D:9
    Orc (0/2) D:9
  Swamp: Lair:2-3    Shoals: Lair:2-3     Snake: Lair:2-3    Spider: Lair:2-3

Altars:
Ashenzari
Dithmenos
Hepliaklqana
Kikubaaqudgha
Makhleb
Okawaru
Qazlal
Vehumet
Wu Jian
Xom
Yredelemnul

Shops:
D:4 *

Annotations:
D:5 Pikel
D:10 2 runed translucent doors, bobo's ghost, journeyman HuAE


Innate Abilities, Weirdness & Mutations

You have a pair of antennae on your head.
You have claws for hands.
You have hoof-like feet.
You regenerate magic rapidly.
Spells you cast may paralyse adjacent enemies.


Message History

The death yak gores you.
You take 1 damage, and have 34/97 hp.
You now have 8/12 mp.
You claw the death yak!
You kick the death yak, but do no damage.
The death yak is severely wounded.
The death yak closely misses you.
You scratch the death yak but do no damage.
The death yak is severely wounded.
The death yak completely misses you.
You scratch the death yak but do no damage.
You kick the death yak.
The death yak is severely wounded.
You barely miss the death yak.
You kick the death yak, but do no damage.
The death yak is severely wounded.
The death yak completely misses you.
You barely miss the death yak.
The death yak is severely wounded.
The death yak barely misses you.
You mangle the death yak!!
You kill the death yak!
The Council accepts your kill.
You mangle the death yak!! You kick the death yak!
The death yak is heavily wounded.
The death yak gores you!
* * * LOW HITPOINT WARNING * * *
You take 12 damage, and have 24/98 hp.
You now have 7/12 mp.
You claw the death yak!
You kick the death yak, but do no damage.
The death yak is heavily wounded.
The death yak barely misses you.
You claw the death yak!
You kick the death yak, but do no damage.
The death yak is severely wounded.
The death yak gores you!!
* * * LOW HITPOINT WARNING * * *
You take 18 damage, and have 6/98 hp.
You now have 2/12 mp.
You see here a water moccasin corpse.
The death yak gores you!!
You die...

##..##....###P#...#
###..###.....##...#
#...####.........# ##..##
#.........## ##>. ##..##
##.........# P#..
#...####..Y#......# #...
##.^.P#....Y##.....####..#
#....##..###Y#......##..#
#.......Y.###@..........#
............##...P#.#..†..##
.........{......#####.....#
# ........?.......#
#......#######
................#
##...#..#.#.#.
.................#
#..####.....#
..............#... #.##
#P.#### #..........####...
## ###.# #...#


You could see 3 death yaks.

Vanquished Creatures
  A centaur warrior (D:9)
  A two-headed ogre (D:10)
  3 death yaks (Lair:2)
  Sonja (Lair:1)
  A manticore (D:9)
  A black mamba (Lair:2)
  A rust devil (D:10)
  An orange demon (D:10)
  Maggie (D:7)
  2 cane toads (Lair:1)
  2 smoke demons (D:10)
  A rime drake (Lair:2)
  3 komodo dragons (Lair:1)
  2 trolls
  A hellwing (D:10)
  Prince Ribbit (D:5)
  38 yaks
  2 wyverns
  4 basilisks
  2 steam dragons (D:9)
  Menkaure (D:7)
  6 water moccasins
  8 orc warriors
  An ice beast (D:7)
  3 black bears
  10 wolves (Lair:2)
  2 centaurs
  4 kobold brigands
  4 bullfrogs
  3 scorpions
  8 wights (D:8)
  15 killer bees
  A howler monkey (D:9)
  2 electric eels
  A lava snake (D:8)
  2 quasits (D:10)
  2 hounds
  4 gnoll boudas
  7 orc priests
  2 iguanas
  A sleepcap (D:7)
  Ijyb (D:4)
  5 orc wizards
  A hound zombie (D:3)
  Robin (D:4)
  9 adders
  14 gnolls
  4 white imps
  An ufetubus (D:5)
  A worm (D:2)
  2 dart slugs
  41 orcs
  7 ball pythons
  5 endoplasms
  4 giant cockroaches
  12 goblins
  10 hobgoblins
  2 quokkas (D:1)
  3 bats
  5 frilled lizards
  27 kobolds
  A quokka zombie (D:3)
  6 rats
  A spectral orc (D:4)
319 creatures vanquished.

Vanquished Creatures (collateral kills)
  An orc wizard (D:8)
  3 orcs (D:8)
4 creatures vanquished.

Vanquished Creatures (others)
  An orc (D:7)
  9 demonic plants
  15 fungi
  26 plants
51 creatures vanquished.

Grand Total: 374 creatures vanquished

Notes
Turn   | Place    | Note
-------+----------+-------------------------------------------
     0 | D:5      | jasper the Demonspawn Delver began the quest for the Orb.
     0 | D:5      | Reached XP level 1. HP: 18/18 MP: 1/1
    38 | D:5      | Noticed a lemure
    38 | D:5      | Noticed a lemure
    39 | D:5      | Noticed Pikel
    52 | D:5      | Noticed a lemure
    52 | D:5      | Noticed a lemure
    92 | D:4      | Noticed a scorpion
   109 | D:4      | Found Kujifaw's General Store.
   176 | D:4      | Reached skill level 2 in Unarmed Combat
   176 | D:4      | Discovered your monstrous ancestry.
   176 | D:4      | Gained mutation: You have large cloven feet. [demonic
                  | ancestry]
   176 | D:4      | Reached XP level 2. HP: 8/24 MP: 2/2
   281 | D:4      | Found an ornate altar of the Wu Jian Council.
   358 | D:4      | Became a worshipper of the Wu Jian Council
   474 | D:3      | Found an iron altar of Okawaru.
   580 | D:3      | Gained mutation: You have a pair of small antennae on your
                  | head. [demonic ancestry]
   580 | D:3      | Reached XP level 3. HP: 10/29 MP: 3/3
   581 | D:3      | Found a basalt altar of Yredelemnul.
   681 | D:3      | Reached skill level 1 in Armour
   924 | D:2      | Reached * piety under Wu Jian
  1150 | D:1      | Gained mutation: You have sharp fingernails. [demonic
                  | ancestry]
  1150 | D:1      | Reached XP level 4. HP: 32/35 MP: 4/4
  1887 | D:2      | Reached skill level 3 in Unarmed Combat
  2257 | D:2      | Reached ** piety under Wu Jian
  2546 | D:2      | Gained mutation: You regenerate magic rapidly. [demonic
                  | ancestry]
  2546 | D:2      | Reached XP level 5. HP: 42/42 MP: 5/5
  2990 | D:3      | HP: 1/42 [orc wizard/+0 dagger (4)]
  3336 | D:4      | Found a shadowy altar of Dithmenos.
  3359 | D:4      | Found a hazy altar of Hepliaklqana.
  3406 | D:4      | Found a staircase to the Ecumenical Temple.
  3528 | D:4      | Noticed Robin
  3528 | D:4      | Noticed Ijyb
  3537 | D:4      | Killed Robin
  3537 | D:4      | Killed Ijyb
  3538 | D:4      | Reached skill level 4 in Unarmed Combat
  3703 | D:4      | Gained mutation: You have a pair of antennae on your head.
                  | [demonic ancestry]
  3703 | D:4      | Reached XP level 6. HP: 42/48 MP: 6/6
  4442 | D:5      | Noticed Prince Ribbit
  4455 | D:5      | Killed Prince Ribbit
  4456 | D:5      | Reached skill level 5 in Unarmed Combat
  4456 | D:5      | Gained mutation: You have very sharp fingernails. [demonic
                  | ancestry]
  4456 | D:5      | Reached XP level 7. HP: 44/55 MP: 7/7
  4762 | D:5      | Reached skill level 5 in Fighting
  5479 | D:6      | Reached skill level 6 in Unarmed Combat
  5484 | D:6      | Reached *** piety under Wu Jian
  5485 | D:6      | Reached skill level 1 in Shields
  5485 | D:6      | Gained mutation: Spells you cast may paralyse adjacent
                  | enemies. [demonic ancestry]
  5485 | D:6      | Reached XP level 8. HP: 22/62 MP: 8/8
  5959 | D:6      | Found a shimmering altar of Xom.
  6249 | D:7      | Noticed Maggie
  6264 | D:7      | Killed Maggie
  6703 | D:7      | Noticed Menkaure
  6712 | D:7      | Killed Menkaure
  6713 | D:7      | Reached skill level 5 in Dodging
  6713 | D:7      | Reached skill level 7 in Unarmed Combat
  7056 | D:7      | Found a stormy altar of Qazlal.
  7341 | D:8      | Gained mutation: You have hoof-like feet. [demonic
                  | ancestry]
  7341 | D:8      | Reached XP level 9. HP: 25/69 MP: 9/9
  7776 | D:8      | Reached skill level 8 in Unarmed Combat
  7783 | D:8      | HP: 3/71 [yak (12)]
  8063 | D:8      | Reached **** piety under Wu Jian
  8474 | D:9      | Reached skill level 9 in Unarmed Combat
  8493 | D:9      | Reached XP level 10. HP: 69/79 MP: 10/10
  8503 | D:9      | Noticed a manticore
  8511 | D:9      | Killed a manticore
  8567 | D:9      | Identified the +6 quarterstaff of Truth {flame, rPois rCorr
                  | Int+2}
  8775 | D:9      | Identified the +5 scale mail "Zuremuqo" {rF+ Int+8 Dex-5}
  8782 | D:9      | Noticed a centaur warrior
  8857 | D:9      | Killed a centaur warrior
  9005 | D:9      | Found the +2 hood of the Assassin {Detect Stab+ Stlth++}
  9026 | D:9      | Got the Incunabulum of the Sphinx and Weather
  9103 | D:9      | Reached skill level 10 in Unarmed Combat
  9275 | D:9      | Reached skill level 5 in Stealth
  9376 | D:9      | Learned a level 3 spell: Confusing Touch
  9441 | D:9      | Found a staircase to the Lair.
  9848 | D:9      | Reached XP level 11. HP: 74/87 MP: 9/11
 10082 | D:9      | Found a staircase to the Orcish Mines.
 10113 | D:9      | Reached ***** piety under Wu Jian
 10684 | D:10     | Entered Level 10 of the Dungeon
 10684 | D:10     | Found a burning altar of Makhleb.
 10821 | D:10     | Found an ancient bone altar of Kikubaaqudgha.
 10821 | D:10     | Found a radiant altar of Vehumet.
 10913 | D:10     | Found a broken altar of Ashenzari.
 11009 | D:10     | Identified the +1 scale mail "Rucvon" {-Cast Will+ Dex+5}
 11081 | D:10     | Reached skill level 11 in Unarmed Combat
 11283 | D:10     | Found a large runed translucent door.
 11283 | D:10     | Found a large runed translucent door.
 11285 | D:10     | Noticed bobo's ghost (journeyman HuAE)
 11365 | D:10     | Noticed a two-headed ogre
 11374 | D:10     | Killed a two-headed ogre
 11924 | D:11     | Noticed a white ugly thing
 12193 | Lair:1   | Entered Level 1 of the Lair of Beasts
 12193 | Lair:1   | Noticed Sonja
 12195 | Lair:1   | Killed Sonja
 12835 | Lair:1   | Reached skill level 12 in Unarmed Combat
 12962 | Lair:1   | Gained mutation: You have claws for hands. [demonic
                  | ancestry]
 12962 | Lair:1   | Reached XP level 12. HP: 85/97 MP: 10/12
 13803 | Lair:2   | Reached skill level 10 in Fighting
 13958 | Lair:2   | Identified the +3 chain mail "Doamycva" {+Blink rF+}
 14390 | Lair:2   | Noticed a death yak
 14391 | Lair:2   | Noticed a death yak
 14391 | Lair:2   | Noticed a death yak
 14392 | Lair:2   | Noticed a death yak
 14394 | Lair:2   | Noticed a death yak
 14395 | Lair:2   | Noticed a death yak
 14414 | Lair:2   | Killed a death yak
 14441 | Lair:2   | Killed a death yak
 14448 | Lair:2   | Killed a death yak
 14453 | Lair:2   | Mangled by a death yak

Illustrated notes

Levels and vault maps discovered:
D:1:      minmay_arrival_jagged, layout_basic, nrook_uturn
D:2:      layout_loops_ring
D:3:      layout_basic, lemuel_tele_altar, lemuel_zombie_altar_yredelemnul
D:4:      layout_basic, kennysheep_little_box,
          nicolae_hepliaklqana_monster_ancestors,
          nicolae_wu_jian_immortal_techniques, minmay_temple_entry_nine_rooms,
          serial_shops, nicolae_shop_window_shopping, nicolae_goblin_pals
D:5:      layout_basic, uniq_pikel, uniq_ijyb, uniq_prince_ribbit1
D:6:      layout_loops_corners, nicolae_overflow_crystal_walls
D:7:      layout_cave_pools, mainiacjoe_overflow_alcove_1, uniq_menkaure,
          uniq_maggie
D:8:      layout_rooms, dreamdust_princess_corridor, nicolae_lava_and_water,
          minmay_misc_feat_four_crosses
D:9:      minmay_the_grid_four_pointed_star_mashed
          [minmay_the_grid_triangle_9x9_zippers_vertical,
          minmay_the_grid_triangle_9x9_zippers_horizontal,
          minmay_the_grid_triangle_9x9_cache,
          minmay_the_grid_triangle_9x9_limited_checkers,
          minmay_the_grid_prize_diamond_cup], layout_loops_corners,
          grunt_lair_entry_orc_guard_hut, david_orc_5, dreamdust_gnoll_shepherd
D:10:     layout_roguey, evilmike_ruin_ashenzari, amcnicky_altar_gilded,
          gammafunk_temple_overflow_wave, serial_demonic, serial_demonic_g,
          serial_demonic_g, serial_demonic_b, serial_demonic_c,
          ebering_ghost_disaster_area
D:11:     layout_basic, minmay_tree_intersection, water_boxes_lemuel
Lair:1:   layout_layer_cave, uniq_sonja
Lair:2:   layout_layer_cave, grunt_megastairs_5

Skill      XL: |  1  2  3  4  5  6  7  8  9 10 11 12 |
---------------+-------------------------------------+-----
Dodging        | 2 3 4 5 6 7 8 9 |  9.1
Unarmed Combat | 2 3 4 5 6 7 9 10 12 | 12.7
Armour         | 1 |  1.1
Fighting       | 4 5 6 7 8 9 10 | 10.3
Shields        | 1 2 4 |  4.0
Stealth        | 5 7 |  7.9

Action                     |  1- 3 |  4- 6 |  7- 9 | 10-12 || total
---------------------------+-------+-------+-------+-------++-------
  Melee: Unarmed           |   121 |   159 |   301 |   598 ||  1179
         Kick              |    26 |    41 |    92 |   219 ||   378
         Punch             |     1 |     5 |     1 |       ||     7
  Throw: Dart              |     3 |    15 |    23 |    36 ||    77
         Stone             |     1 |    26 |     7 |       ||    34
 Invoke: Serpent's Lash    |       |       |       |     1 ||     1
Ability: Lunge             |    10 |    27 |    40 |    48 ||   125
         Whirlwind         |     6 |     1 |    45 |    50 ||   102
         Wall Jump         |       |     1 |     2 |     2 ||     5
  Evoke: Wand              |       |     2 |    11 |    11 ||    24
    Use: Potion            |     3 |     1 |     3 |       ||     7
         Scroll            |     1 |    11 |     4 |     8 ||    24
   Stab: Sleeping          |     8 |     3 |     3 |    17 ||    31
         Distracted        |       |     1 |       |     2 ||     3
         Invisible         |       |       |     3 |       ||     3
 Armour: Leather armour    |    17 |    13 |       |       ||    30
         Animal skin       |       |     3 |     9 |       ||    12
         Acid dragon scale |       |       |    16 |    83 ||    99
  Dodge: Dodged            |    57 |    74 |   176 |   394 ||   701
  Block: Buckler           |       |       |    47 |   113 ||   160

Table legend: (Time is in decaauts)
 A = Elapsed time spent in this place.
 B = Non-inter-level travel time spent in this place.
 C = Inter-level travel time spent in this place.
 D = Time resting spent in this place.
 E = Time spent auto-exploring this place.
 F = Levels seen in this place.
 G = Mean time per level.
                   A        B        C        D        E       F      G
               +--------+--------+--------+--------+--------+-----+--------+
         Total |  14334 |  13864 |    470 |   1471 |   9604 |  13 | 1102.6 |
       Dungeon |  12108 |  11651 |    457 |   1469 |   7758 |  11 | 1100.7 |
          Lair |   2226 |   2214 |     12 |      2 |   1846 |   2 | 1113.0 |
               +--------+--------+--------+--------+--------+-----+--------+

Top non-repeatable levels by time:
     D:9: 2110 daAuts
  Lair:1: 1588 daAuts
     D:6: 1255 daAuts
    D:10: 1249 daAuts
     D:7: 1183 daAuts
     D:3: 1159 daAuts
     D:8: 1138 daAuts
     D:4: 1135 daAuts
     D:5: 971 daAuts
     D:1: 902 daAuts
     D:2: 791 daAuts
  Lair:2: 638 daAuts
    D:11: 210 daAuts
